 Dungeon Crawl Stone Soup version 0.17.2 (webtiles) character file.

29 Goblin1989 the Cudgeler (level 3, 0/28 HPs)
             Began as a Demonspawn Gladiator on July 13, 2016.
             Succumbed to a worker ant's poison
             ... on level 4 of the Dungeon.
             The game lasted 00:04:53 (535 turns).

Goblin1989 the Cudgeler (Demonspawn Gladiator)       Turns: 535, Time: 00:04:54

Health: 0/28       AC:  7    Str: 16    XL:     3   Next: 1%
Magic:  3/3        EV: 12    Int:  9    God:
Gold:   31         SH:  0    Dex: 12    Spells: 0 memorised, 2 levels left

rFire  . . .     SeeInvis .     a - +0 flail
rCold  . . .     Clarity  .     b - +0 leather armour
rNeg   . . .     SustAt   .     (no shield)
rPois  .         Gourm    .     (helmet restricted)
rElec  .         Spirit   .     (no cloak)
rCorr  .         Warding  .     (no gloves)
rMut   .         Stasis   .     (no boots)
MR     .....                    (no amulet)
Stlth  +.........               (no ring)
                                (no ring)

@: lethally poisoned (0 -> -35), not resistant to hostile enchantments, very
unstealthy
A: antennae 1, rough black scales 1
a: no special abilities


You were on level 4 of the Dungeon.
You were not hungry.

You visited 1 branch of the dungeon, and saw 4 of its levels.

You collected 31 gold pieces.

Inventory:

Hand Weapons
 a - a +0 flail (weapon)
Missiles
 d - 3 throwing nets (quivered)
Armour
 b - a +0 leather armour (worn)
 c - a +0 helmet
Comestibles
 e - a bread ration
 h - a beef jerky


   Skills:
 - Level 2.3 Fighting
 + Level 3.1 Maces & Flails
 - Level 2.1 Throwing
 - Level 3.0 Dodging


You had 2 spell levels left.
You didn't know any spells.

Dungeon Overview and Level Annotations

Branches:
Dungeon (4/15)
 Temple: D:4-7

Altars:


Innate Abilities, Weirdness & Mutations

You have a pair of small antennae on your head.
You are partially covered in rough black scales (AC +4, Dex -1).


Message History

It was a potion of poison.
That liquid tasted very nasty...
You are more poisoned.
* * * LOW HITPOINT WARNING * * *
You feel sick.
The worker ant bites you but does no damage.
You take 2 damage, and have 7/28 hp.
Drink which item? (? for menu, Esc to quit)
It was a potion of cancellation.
You feel magically purged.
* * * LOW HITPOINT WARNING * * *
You feel sick. The worker ant closely misses you.
You take 2 damage, and have 5/28 hp.
You barely miss the worker ant.
* * * LOW HITPOINT WARNING * * *
You feel sick. The worker ant bites you.
* * * LOW HITPOINT WARNING * * *
You are more poisoned.
The worker ant poisons you!
You take 3 damage, and have 2/28 hp.
You barely miss the worker ant.
You die...

.# #. # . ##..... #..
##.# ..........# ..# #
.#.. ..........# #..#..
.... .........##......
...## #..............#
....# #.............
....#####..........#
.....#..........@a.##..
##....
#................ #
#..# ##..............#
###..##
#....###.......#
.#....# #..###
#.####..#
...##.###...## .## .#
..###..##.#..# . # .##
##.....#.# . .#
##.##......


You could see a worker ant.

Vanquished Creatures
  2 adders (D:2)
  A giant gecko (D:3)
  A hobgoblin (D:2)
  A kobold (D:2)
  2 bats
  A giant cockroach (D:2)
  A giant gecko skeleton (D:4)
  A giant newt (D:2)
  A quokka (D:2)
  A rat (D:2)
12 creatures vanquished.

Notes
Turn   | Place    | Note
--------------------------------------------------------------
     0 | D:1      | Goblin1989 the Demonspawn Gladiator began the quest for the Orb.
     0 | D:1      | Reached XP level 1. HP: 16/16 MP: 1/1
     2 | D:1      | Noticed a centaur
     4 | D:1      | Noticed a draconian
     4 | D:1      | Noticed a spriggan
     6 | D:1      | Noticed a formicid
     6 | D:1      | Noticed a tengu
     8 | D:1      | Noticed a human
     8 | D:1      | Noticed a troll
    10 | D:1      | Noticed a gargoyle
    10 | D:1      | Noticed a naga
    12 | D:1      | Noticed a demonspawn
    12 | D:1      | Noticed an ogre
    14 | D:1      | Noticed a felid
    16 | D:1      | Noticed an elf
    18 | D:1      | Noticed a vine stalker
    18 | D:1      | Noticed a merfolk
    20 | D:1      | Noticed a dwarf
    20 | D:1      | Noticed a ghoul
    22 | D:1      | Noticed a vampire
    24 | D:1      | Noticed an octopode
    24 | D:1      | Noticed a demigod
    26 | D:1      | Noticed a minotaur
    94 | D:2      | Gained mutation: You are partially covered in rough black scales (AC +4, Dex -1). [demonic ancestry]
    94 | D:2      | Reached XP level 2. HP: 16/22 MP: 2/2
   240 | D:2      | Reached skill level 3 in Dodging
   423 | D:3      | Gained mutation: You have a pair of small antennae on your head. [demonic ancestry]
   423 | D:3      | Reached XP level 3. HP: 20/28 MP: 3/3
   455 | D:4      | Noticed a phantom
   535 | D:4      | Succumbed to a worker ant's poison

Action                   || total
-------------------------++-------
Melee: Flail             ||    69
  Use: Potion            ||     2
